Map: New Gettysburg LE

Players

Trizztein

  • Race: Terran Terran
  • League: Diamond

iWill - Winner!

  • Race: Protoss Protoss
  • League: Diamond

VOD

Have the link to the VOD?

Description

Time

  • Played on: Sept. 1, 2016, 10:19 a.m.
  • Length: 31:01
Show
View Real Time Build Order
Export as new Build Order

Trizztein Terran 

Build Orders:  

Get SALT Encoding   

  12  0:01  SCV  
  13  0:13  SCV  
  14  0:18  Supply Depot  
  14  0:25  SCV  
  15  0:40  SCV  
  15  0:42  Barracks  
  16  0:45  Refinery  
  16  0:52  SCV  
  17  1:04  SCV  
  18  1:16  SCV  
  19  1:32  Orbital Command  
  19  1:45  Bunker  
  19  1:58  Barracks Reactor  
  19  1:59  SCV  
  20  2:13  SCV  
  21  2:22  Command Center  
  21  2:25  SCV  
  21  2:29  Refinery  
  22  2:30  Supply Depot  
  22  2:35  Marine  
  23  2:52  Bunker, SCV, Marine x2  
  26  3:00  Factory  
  26  3:04  SCV  
  27  3:10  Marine  
  27  3:12  Marine  
  29  3:16  SCV  
  29  3:17  Supply Depot  
  30  3:27  Marine  
  30  3:33  SCV, Marine  
  33  3:38  Orbital Command  
  32  3:45  Widow Mine, SCV  
  34  3:52  Starport  
  34  3:58  SCV  
  35  4:03  Marine x2  
  35  4:05  SCV  
  38  4:10  SCV  
  38  4:11  Engineering Bay  
  39  4:18  SCV  
  39  4:22  SCV  
  41  4:30  SCV  
  42  4:34  SCV  
  42  4:36  Medivac  
  42  4:37  Factory Tech Lab, Marine  
  42  4:38  Marine  
  47  4:40  Supply Depot  
  47  4:42  SCV  
  47  4:45  Terran Infantry Weapons Level 1  
  48  4:46  SCV  
  48  4:51  Missile Turret  
  47  4:54  SCV  
  47  4:55  Missile Turret  
  47  4:57  Marine  
  47  4:58  SCV  
  50  5:05  Siege Tank  
  50  5:06  SCV  
  54  5:08  Starport Reactor  
  54  5:10  SCV  
  55  5:18  SCV  
  56  5:22  SCV  
  57  5:33  SCV  
  57  5:34  SCV  
  57  5:35  Refinery  
  59  5:36  Refinery  
  59  5:42  Supply Depot  
  59  5:45  SCV  
  59  5:46  SCV  
  59  5:47  Command Center  
  61  5:51  Marine  
  61  5:55  Supply Depot  
  62  6:03  Siege Tank, Medivac, SCV, Marine  
  69  6:05  SCV  
  69  6:08  Supply Depot  
  70  6:11  Supply Depot  
  70  6:17  Barracks, SCV x2, Marine  
  73  6:19  Barracks  
  73  6:21  Marine  
  73  6:25  Liberator  
  74  6:27  Supply Depot  
  74  6:29  SCV x2  
  76  6:34  Marine  
  76  6:39  Marine, Terran Infantry Armor Level 1  
  78  6:41  SCV x2  
  78  6:42  Medivac  
  78  6:45  Factory Reactor  
  78  6:46  Supply Depot  
  85  6:52  Marine  
  85  6:53  SCV  
  85  6:54  SCV  
  87  6:56  Marine  
  87  7:01  Barracks  
  88  7:03  Barracks  
  88  7:05  Supply Depot, SCV, Starport  
  89  7:08  Orbital Command  
  89  7:10  Marine  
  89  7:14  Refinery  
  90  7:16  SCV  
  90  7:18  Refinery  
  91  7:24  SCV  
  91  7:25  Marine  
  91  7:28  SCV  
  95  7:32  Missile Turret  
  95  7:34  SCV  
  95  7:35  Widow Mine x2  
  95  7:36  SCV, Marine  
  102  7:38  Barracks Tech Lab x2  
  102  7:40  SCV  
  102  7:46  SCV  
  102  7:48  Missile Turret  
  102  7:49  SCV  
  104  7:52  Bunker, SCV  
  104  7:56  Starport Reactor  
  104  7:57  Barracks Reactor  
  105  7:58  SCV  
  105  7:59  Combat Shields  
  105  8:00  Stimpack, Marine x4  
  105  8:04  Liberator  
  105  8:06  Widow Mine x2  
  105  8:08  Orbital Command  
  109  8:19  Supply Depot  
  109  8:20  Missile Turret x2  
  109  8:22  Orbital Command, Medivac  
  109  8:23  Concussive Shells  
  109  8:24  Orbital Command, Marine  
  109  8:25  Marauder x2, Marine x2  
  121  8:31  Armory  
  121  8:35  Widow Mine x2  
  121  8:39  Engineering Bay  
  125  8:41  Liberator  
  125  8:44  Marine x2  
  125  8:48  SCV  
  125  8:49  Marine x3  
  125  8:51  Marine  
  125  8:52  Liberator  
  129  8:59  SCV  
  136  9:10  Medivac  
  138  9:18  Terran Infantry Weapons Level 2  
  138  9:19  Terran Infantry Armor Level 2  
  138  9:20  Terran Ship Weapons Level 1  
  138  9:23  Supply Depot  
  138  9:26  Supply Depot  
  138  9:27  Marine x2  
  138  9:41  Marine  
  138  9:42  Liberator x2, Marine  
  140  9:49  Marine x5  
  145  9:55  Barracks, Missile Turret  
  145  9:56  Barracks x2  
  145  9:59  Supply Depot  
  151  10:00  Ghost Academy  
  151  10:01  Supply Depot  
  151  10:04  Widow Mine x2  
  151  10:05  Marine x2  
  151  10:07  Marauder, Liberator, Marine  
  160  10:14  Medivac  
  162  10:23  Supply Depot, Marine x2  
  162  10:24  Sensor Tower  
  162  10:25  Supply Depot  
  167  10:44  Marine x2  
  167  10:45  Widow Mine x2, Marauder x2, Marine  
  167  10:47  Supply Depot, Barracks Tech Lab  
  167  10:48  Barracks Tech Lab x2  
  167  10:49  Supply Depot  
  178  10:50  Personal Cloaking  
  178  10:51  Marine x2  
  180  10:57  Starport  
  180  11:00  Fusion Core  
  180  11:10  Ghost x2  
  179  11:21  Ghost  
  179  11:36  Command Center  
  168  12:08  Marine x7  
  146  12:19  Liberator x2  
  146  12:22  Marine x3  
  140  12:26  Ghost, Starport Tech Lab, Marine x3  
  140  12:27  Marine x2  
  140  12:28  Marine  
  149  12:33  Terran Infantry Armor Level 3, Terran Infantry Weapons Level 3  
  149  12:36  Viking  
  149  12:37  Viking  
  159  12:40  Marine  
  159  12:41  Marauder x2  
  164  12:48  Marine x2  
  164  12:49  Liberator  
  164  12:51  Marine x3  
  166  12:54  Ghost  
  166  12:56  Advanced Ballistics  
  171  12:59  Marine x2  
  171  13:01  Marine x2  
  175  13:08  Marine x2  
  175  13:09  Marine x3  
  183  13:16  Marine x2  
  183  13:19  Marine x2  
  187  13:23  Marine  
  187  13:26  Ghost  
  188  13:32  Planetary Fortress  
  190  13:52  Refinery  
  190  13:53  Refinery  
  187  14:04  Marine x5  
  187  14:05  Ghost x2  
  196  14:11  Marine x2  
  196  14:26  Ghost x2  
  200  14:36  Liberator  
  172  14:50  Marine x2  
  165  14:53  Viking x3  
  154  15:02  Marine x3  
  154  15:03  Marine x5  
  154  15:06  Liberator  
  139  15:21  Marauder x3  
  139  15:22  Liberator x2  
  139  15:23  Viking  
  139  15:41  Marauder  
  139  15:42  Marauder x4  
  154  15:53  Medivac  
  132  16:06  Viking  
  134  16:12  Marine x4  
  134  16:13  Marauder x3  
  136  16:22  Viking x2  
  136  16:23  Viking  
  124  16:35  Viking  
  124  16:37  Terran Ship Weapons Level 2  
  124  16:41  Armory  
  124  16:42  Command Center  
  121  16:49  Marine x7  
  121  16:50  Marine x3  
  121  16:52  Viking x2  
  131  16:56  SCV x3  
  131  17:01  Viking  
  133  17:05  Viking  
  133  17:07  Marine x7  
  139  17:11  Marine x3  
  129  17:24  Marine  
  129  17:25  Marine x6  
  129  17:28  SCV  
  129  17:29  SCV, Marine x3  
  139  17:38  SCV  
  139  17:42  Marine  
  140  17:52  Missile Turret  
  140  17:57  Marine x2  
  137  18:13  Marauder  
  139  18:28  Marine x2  
  141  18:35  Orbital Command  
  140  18:45  Orbital Command  
  140  18:53  Viking  
  142  19:04  Refinery  
  142  19:12  Planetary Fortress  
  142  19:24  Marine x4  
  142  19:25  Viking  
  142  19:29  Viking  
  148  19:36  Ghost x2  
  148  19:37  Marine  
  150  19:54  Ghost x2  
  141  20:16  Marine x6  
  147  20:27  Marine x4  
  141  20:31  Viking x3  
  141  20:32  Viking  
  141  20:33  Missile Turret  
  141  20:34  Marine x2  
  150  20:42  Terran Ship Weapons Level 3  
  150  20:45  SCV  
  150  20:46  SCV  
  152  21:01  Viking  
  148  21:17  Marine x6  
  125  21:21  Marine x4  
  114  21:34  Marine x2  
  114  21:35  Marauder, Marine  
  119  21:47  Ghost x2  
  119  21:48  Marine  
  124  21:56  Marine x3  
  124  21:58  Widow Mine  
  124  22:00  Orbital Command  
  129  22:11  Ghost, Marine  
  132  22:27  Marine x4  
  136  22:30  SCV  
  137  22:42  SCV  
  137  22:58  Raven  
  136  23:13  Ghost, Marine x3  
  136  23:14  Refinery x2  
  141  23:25  Refinery  
  141  23:26  Missile Turret  
  141  23:29  Bunker  
  141  23:34  Ghost  
  141  23:35  SCV  
  141  23:36  SCV  
  145  23:48  SCV x2  
  146  24:00  SCV  
  147  24:16  Marine x2  
  149  24:21  Command Center  
  149  24:23  Command Center  
  149  24:25  Liberator  
  131  24:41  Viking x2  
  131  24:42  Viking  
  133  25:00  Marauder x2  
  133  25:01  Marauder x2  
  141  25:11  Viking  
  109  25:32  Viking x3  
  115  25:48  Marine x2  
  115  25:49  Marine x8  
  124  26:06  Ghost  
  124  26:07  Marauder  
  123  26:20  Ghost, Marine  
  123  26:21  Marauder, Marine  
  123  26:22  Marauder x2, Marine x2  
  131  26:28  Marine  
  129  26:35  Marine  
  129  26:38  Marine  
  131  26:41  Missile Turret  
  131  26:46  Refinery  
  131  26:47  Refinery  
  131  26:53  Marine x4  
  135  26:56  Viking x2  
  102  28:02  Marine x3  
  105  28:13  Command Center  
  105  28:19  Marauder  
  107  28:27  Medivac  
  107  28:45  Orbital Command  
  69  29:24  Marine x5  
  61  29:40  Ghost  
  61  29:41  Ghost, Marine x2  
  67  29:47  Medivac  
  67  29:48  Medivac  
  71  30:07  Ghost  
  71  30:08  Marine x2  
  71  30:12  Marine  
  76  30:42  Marine x4  
Show
View Real Time Build Order
Export as new Build Order

iWill Protoss - Winner!

Build Orders: Oracle Opening 

Get SALT Encoding   

  12  0:01  Probe (Chrono Boost)  
  13  0:16  Probe (Chrono Boost)  
  13  0:20  Pylon  
  14  0:26  Probe (Chrono Boost)  
  15  0:38  Probe (Chrono Boost)  
  15  0:40  Gateway  
  16  0:47  Assimilator  
  16  0:55  Probe (Chrono Boost)  
  17  1:08  Probe (Chrono Boost)  
  18  1:19  Probe (Chrono Boost)  
  19  1:30  Probe (Chrono Boost)  
  20  1:34  Pylon  
  20  1:40  Probe (Chrono Boost)  
  21  1:51  Probe (Chrono Boost)  
  22  1:57  Cybernetics Core  
  22  2:07  Nexus  
  21  2:17  Assimilator  
  21  2:18  Probe (Chrono Boost)  
  22  2:25  Gateway  
  22  2:32  Stalker  
  24  2:40  Pylon  
  24  2:42  Warp Gate  
  25  2:59  Stargate  
  25  3:00  Probe (Chrono Boost)  
  25  3:04  Stalker  
  28  3:14  Probe (Chrono Boost)  
  28  3:18  Pylon  
  28  3:21  Probe (Chrono Boost)  
  28  3:24  Stalker  
  31  3:34  Probe (Chrono Boost)  
  31  3:36  Probe (Chrono Boost)  
  33  3:45  Oracle  
  33  3:47  Probe (Chrono Boost)  
  35  3:49  Probe (Chrono Boost)  
  38  3:58  Probe (Chrono Boost)  
  38  4:02  Twilight Council  
  37  4:05  Probe (Chrono Boost)  
  37  4:08  Probe (Chrono Boost)  
  39  4:12  Assimilator  
  40  4:17  Probe (Chrono Boost)  
  40  4:21  Pylon  
  40  4:22  Probe (Chrono Boost)  
  41  4:28  Probe (Chrono Boost)  
  41  4:31  Pylon  
  42  4:34  Blink  
  42  4:36  Probe (Chrono Boost)  
  44  4:38  Probe (Chrono Boost)  
  44  4:46  Probe (Chrono Boost)  
  44  4:50  Probe (Chrono Boost)  
  43  4:55  Robotics Facility, Pylon  
  43  4:58  Mothership Core (Chrono Boost)  
  45  5:02  Probe (Chrono Boost)  
  47  5:14  Probe (Chrono Boost)  
  47  5:15  Stalker x2  
  47  5:16  Probe (Chrono Boost)  
  52  5:22  Pylon  
  52  5:26  Probe x2 (Chrono Boost)  
  54  5:33  Gateway  
  54  5:36  Gateway  
  55  5:42  Observer  
  55  5:45  Probe (Chrono Boost)  
  55  5:47  Probe (Chrono Boost)  
  57  5:57  Nexus  
  57  5:59  Probe (Chrono Boost)  
  57  6:00  Probe (Chrono Boost)  
  57  6:01  Robotics Bay  
  58  6:06  Pylon  
  58  6:07  Observer  
  59  6:15  Probe (Chrono Boost)  
  59  6:17  Probe (Chrono Boost)  
  61  6:18  Pylon  
  61  6:20  Pylon  
  61  6:22  Charge  
  61  6:32  Assimilator  
  61  6:34  Forge  
  61  6:37  Forge  
  61  6:44  Probe (Chrono Boost)  
  61  6:45  Probe (Chrono Boost)  
  61  6:46  Stalker x3  
  69  6:56  Colossus  
  75  7:08  Pylon  
  75  7:15  Pylon, Protoss Ground Weapons Level 1  
  75  7:24  Gateway  
  75  7:26  Zealot x4  
  75  7:28  Gateway  
  83  7:36  Assimilator  
  83  7:50  Zealot x4  
  91  7:56  Probe (Chrono Boost)  
  91  7:57  Probe x2 (Chrono Boost)  
  94  8:14  Stalker x3  
  94  8:15  Stalker  
  102  8:23  Pylon  
  102  8:28  Colossus  
  102  8:30  Zealot  
  102  8:31  Pylon, Zealot  
  102  8:34  Pylon  
  112  8:46  Probe x2 (Chrono Boost)  
  112  8:48  Probe (Chrono Boost)  
  115  8:49  Photon Cannon  
  115  8:50  Extended Thermal Lance  
  115  8:56  Protoss Ground Armor Level 1  
  115  8:57  Photon Cannon  
  115  9:00  Pylon, Probe (Chrono Boost), Photon Cannon  
  115  9:01  Protoss Ground Weapons Level 2  
  117  9:03  Probe x2 (Chrono Boost)  
  117  9:07  Templar Archives  
  118  9:11  Photon Cannon  
  118  9:12  Probe (Chrono Boost)  
  117  9:25  Observer  
  117  9:28  Probe x2 (Chrono Boost)  
  117  9:29  Robotics Facility  
  117  9:30  Assimilator  
  120  9:33  Pylon  
  120  9:35  Probe (Chrono Boost)  
  121  9:40  Probe (Chrono Boost)  
  121  9:43  Probe (Chrono Boost)  
  123  9:45  Probe (Chrono Boost)  
  124  9:52  Probe (Chrono Boost)  
  124  9:56  Stargate  
  124  9:59  Stargate  
  124  10:05  Fleet Beacon  
  124  10:06  Pylon  
  124  10:08  Photon Cannon  
  124  10:21  Photon Cannon  
  124  10:23  Psionic Storm, Observer Gravitic Boosters  
  124  10:33  High Templar x4  
  132  10:44  Photon Cannon  
  132  10:45  Gateway  
  132  10:49  Zealot x2  
  136  10:50  Gateway  
  136  10:52  Nexus  
  136  10:53  Pylon  
  136  10:55  Pylon  
  136  10:57  Pylon  
  136  10:58  Photon Cannon  
  136  11:11  Protoss Ground Armor Level 2  
  136  11:19  Tempest x3  
  148  11:27  Protoss Air Weapons Level 1  
  148  11:32  Probe x2 (Chrono Boost)  
  150  11:38  Observer  
  151  11:51  Zealot x3  
  151  11:52  Zealot x3  
  163  11:58  Pylon  
  163  12:00  Pylon  
  163  12:04  Archon  
  163  12:05  Archon  
  101  12:30  Zealot x6  
  101  12:34  Colossus  
  113  12:40  Colossus  
  125  12:45  Zealot x2  
  129  12:58  Tempest  
  129  12:59  Zealot x6  
  129  13:01  Tempest  
  129  13:03  Tempest  
  153  13:10  Cybernetics Core  
  153  13:12  Dark Shrine  
  153  13:15  Photon Cannon  
  153  13:18  Assimilator  
  151  13:21  Assimilator  
  151  13:25  Pylon  
  151  13:32  High Templar x2  
  151  13:33  High Templar  
  157  13:35  Pylon  
  157  13:38  Tempest  
  157  13:40  Oracle  
  160  13:45  Photon Cannon  
  160  13:47  Photon Cannon  
  164  13:49  Photon Cannon  
  164  14:03  Zealot x5  
  164  14:04  Colossus  
  174  14:11  Colossus  
  124  14:59  Tempest  
  116  15:00  Archon  
  116  15:04  Tempest x2  
  124  15:25  Zealot x2  
  124  15:26  Zealot x6  
  140  15:42  Nexus  
  140  15:43  Pylon  
  139  15:57  Tempest x2  
  119  16:32  Tempest  
  101  16:39  Tempest  
  109  17:02  Dark Templar  
  109  17:05  Probe x3 (Chrono Boost)  
  114  17:12  Assimilator  
  114  17:13  Assimilator  
  114  17:16  Photon Cannon  
  114  17:17  Probe (Chrono Boost)  
  114  17:22  Observer  
  114  17:31  Tempest  
  114  17:36  Tempest  
  114  17:37  Tempest  
  118  17:44  Pylon  
  126  17:53  Protoss Air Weapons Level 2  
  126  17:58  Protoss Shields Level 1  
  126  18:16  High Templar x4  
  133  18:33  Oracle  
  136  18:46  Stalker x4  
  144  18:51  Nexus  
  144  19:03  Pylon x2  
  144  19:10  Oracle  
  144  19:12  Protoss Air Armor Level 1  
  147  19:17  Tempest  
  151  19:33  Assimilator  
  151  19:39  Assimilator  
  151  19:41  Pylon  
  151  19:53  Colossus  
  151  20:00  Colossus  
  160  20:45  Observer  
  160  20:48  Photon Cannon  
  161  20:50  Photon Cannon  
  161  20:55  Observer  
  162  21:07  Nexus  
  162  21:09  Pylon  
  162  21:11  Pylon  
  94  21:32  Zealot x5  
  82  21:33  Colossus, Zealot x2  
  90  21:40  Colossus  
  102  21:48  Dark Templar  
  104  21:56  Stalker x5  
  104  21:59  Stalker x2  
  117  22:13  Robotics Facility  
  117  22:18  Photon Cannon  
  117  22:22  Colossus  
  117  22:24  Stalker  
  117  22:25  Stalker x6  
  117  22:26  Stalker  
  139  22:41  Protoss Ground Weapons Level 3  
  139  22:43  Protoss Shields Level 2  
  139  22:52  Zealot x4  
  139  22:53  Zealot x4  
  155  23:02  Photon Cannon  
  155  23:05  Colossus  
  155  23:11  Nexus  
  159  23:20  Pylon  
  159  23:25  High Templar  
  161  23:44  High Templar  
  163  23:52  Immortal  
  163  23:57  Immortal  
  168  24:14  Colossus  
  174  24:19  Resonating Glaives  
  174  24:35  Archon  
  150  24:45  Zealot  
  150  24:46  Zealot x6  
  150  24:47  Zealot  
  166  25:06  Assimilator x2  
  166  25:10  High Templar x3  
  147  25:29  Colossus  
  153  25:40  Photon Cannon  
  153  25:43  Photon Cannon  
  153  25:44  Observer  
  153  25:46  Photon Cannon  
  154  25:50  Zealot x3  
  154  25:51  Zealot x5  
  154  25:54  Pylon  
  170  26:06  Colossus  
  168  26:13  Colossus  
  178  26:22  Stalker x2  
  178  26:23  Stalker x3  
  179  26:35  Carrier  
  181  27:03  Photon Cannon  
  181  27:04  Carrier  
  181  27:05  Photon Cannon  
  181  27:07  Observer  
  180  27:08  Carrier  
  180  27:10  Observer  
  194  27:28  Graviton Catapult  
  182  28:00  Carrier  
  188  28:06  Protoss Shields Level 3  
  188  28:07  Nexus  
  188  28:08  Protoss Air Weapons Level 3  
  188  28:10  Pylon  
  188  28:12  Pylon  
  188  28:14  Warp Prism  
  188  28:16  Pylon  
  188  28:19  Pylon  
  190  28:22  Pylon  
  190  28:23  Carrier  
  190  28:26  Pylon  
  196  28:43  Assimilator  
  196  28:44  Assimilator  
  196  28:48  Photon Cannon  
  196  28:51  Photon Cannon  
  196  28:53  Photon Cannon  
  167  30:01  Nexus  
  167  30:03  Pylon x2  
  167  30:09  Pylon  
  167  30:11  Pylon  
  167  30:12  Assimilator  
  167  30:18  Assimilator  
  167  30:32  Zealot x4  
  167  30:33  Zealot x4  
Tags
 
Add a new tag
Caveats
  • Supply blocks, unpowered buildings, or Contaminate may cause inaccurate times.
  • Supply counts are checked every 10 seconds.